 Dungeon Crawl Stone Soup version 0.25.0-33-gff14898491 (webtiles) character file.

Game seed: 6712766809551248801

106 protoss039 the Digger (level 4, -4/25 HPs)
             Began as a Deep Elf Earth Elementalist on July 7, 2020.
             Killed from afar by an orc wizard (7 damage)
             ... with a magic dart
             ... on level 3 of the Dungeon.
             The game lasted 00:05:14 (2434 turns).

protoss039 the Digger (Deep Elf Earth Elementalist) Turns: 2434, Time: 00:05:15

Health: -4/25      AC:  2    Str:  5    XL:     4   Next: 55%
Magic:  7/10       EV: 13    Int: 21    God:
Gold:   115        SH:  0    Dex: 15    Spells: 3/9 levels left

rFire    . . .     SeeInvis .   k - +0 short sword
rCold    . . .     Gourm    .   (no shield)
rNeg     . . .     Faith    .   c - +0 robe
rPois    .         Spirit   .   (no helmet)
rElec    .         Reflect  .   (no cloak)
rCorr    .         Harm     .   (no gloves)
MR       .....                  (no boots)
Stlth    ++........             (no amulet)
HPRegen  0.08/turn              (no ring)
MPRegen  0.12/turn              (no ring)

@: no status effects
A: no striking features
a: no special abilities


You were on level 3 of the Dungeon.
You were hungry.

You visited 1 branch of the dungeon, and saw 3 of its levels.

You collected 115 gold pieces.

Inventory:

Hand Weapons
 k - a +0 short sword (weapon)
Missiles
 b - 55 stones (quivered)
Armour
 a - a +1 leather armour of magic resistance
 c - a +0 robe (worn)
 r - a cursed +0 leather armour
Jewellery
 f - a +6 ring of intelligence {unknown}
 h - an uncursed amulet of guardian spirit {unknown}
 s - an uncursed ring of see invisible {unknown}
 u - an uncursed ring of poison resistance {unknown}
Scrolls
 e - 2 scrolls of remove curse {unknown}
 j - a scroll of enchant weapon {unknown}
 n - a scroll of blinking {unknown}
 p - 2 scrolls of teleportation {unknown}
Potions
 g - a potion of flight {unknown}
 i - a potion of berserk rage {unknown}
 l - a potion of brilliance {unknown}
 m - a potion of stabbing {unknown}
 q - a potion of heal wounds {unknown}
 t - a potion of magic
Comestibles
 d - 4 rations
 o - 9 chunks of flesh


   Skills:
 - Level 1.0 Fighting
 * Level 2.8 Armour
 - Level 3.0 Dodging
 - Level 3.0 Stealth
 - Level 3.0 Spellcasting
 - Level 1.2 Transmutations
 - Level 3.2 Earth Magic


You had 3 spell levels left.
You knew the following spells:

 Your Spells              Type           Power        Failure   Level  Hunger
a - Sandblast             Erth           ###...       3%          1    None
b - Passwall              Tmut/Erth      ##......     8%          2    ##.....
c - Stone Arrow           Conj/Erth      ##....       21%         3    ###....

Your spell library contained the following spells:

 Spells                   Type           Power        Failure   Level  Hunger
 Petrify                  Tmut/Erth      ##......     45%         4    ####...
 Lee's Rapid Deconstruct  Erth           ###.......   67%         5    ######.


Dungeon Overview and Level Annotations

Branches:
Dungeon (3/15)

Altars:
Ru


Message History

The magic dart hits you!
* * * LOW HITPOINT WARNING * * *
Unknown command.
A magic dart appears from out of thin air!
The magic dart hits you.
* * * LOW HITPOINT WARNING * * *
Unknown command.
Unknown command.
It was a potion of magic.
Magic courses through your body.
Unknown command.
Okay, then.
Casting: Sandblast (safe; 3% risk of failure)
Confirm with . or Enter, or press ? or * to list all spells.
The spell is extremely dangerous to cast (21% risk of failure)!
Continue anyway?
Aiming: Stone Arrow (extremely dangerous; 21% risk of failure)
Press: ? - help, Shift-Dir - straight line The stone arrow hits something.
A magic dart appears from out of thin air!
The magic dart hits you!
You die...

#.##.........##....^....#
#.##.........##.........#
#............############
####.........#
#.........####
#.............
#.........####
#.....)...####.#####.
####.###@##...........
#.# #.##...........
####.###{##.........o.
#........##.........o.
.........##........%..
#........##.......%...
.....#..............#
.....#..............#
#... #........#######


There were no monsters in sight!

Vanquished Creatures
  4 adders
  An ooze (D:1)
  A worm (D:3)
  4 dart slugs
  A leopard gecko (D:2)
  3 orcs (D:3)
  A ball python (D:2)
  4 bats
  3 giant cockroaches
  7 goblins
  5 hobgoblins
  3 jackals (D:2)
  2 quokkas (D:2)
  2 frilled lizards (D:2)
  4 kobolds
  4 rats
49 creatures vanquished.

Notes
Turn   | Place    | Note
-------+----------+-------------------------------------------
     0 | D:1      | protoss039 the Deep Elf Earth Elementalist began the quest
                  | for the Orb.
     0 | D:1      | Reached XP level 1. HP: 10/10 MP: 6/6
   159 | D:1      | Reached XP level 2. HP: 16/16 MP: 4/8
   996 | D:1      | Reached skill level 1 in Armour
  1111 | D:1      | Learned a level 2 spell: Passwall
  1140 | D:2      | Reached XP level 3. HP: 20/20 MP: 4/9
  1149 | D:2      | Learned a level 3 spell: Stone Arrow
  1343 | D:2      | Reached skill level 1 in Fighting
  1750 | D:2      | Found a sacrificial altar of Ru.
  1759 | D:2      | Reached XP level 4. HP: 25/25 MP: 3/10
  2434 | D:3      | Killed from afar by an orc wizard

Illustrated notes

Levels and vault maps discovered:
D:1:      dpeg_arrival_solitude, layout_loops_corners, st_stairs_1,
          roderic_lattice_a, minivault_4, minmay_misc_feat_pillars
D:2:      layout_loops_cross, nicolae_ru_great_annihilating_truth
D:3:      layout_basic, nicolae_ashenzari_panopticon, led_xom_imps,
          kennysheep_nondescript, grunt_ministairs_10, uniq_terence

Skill      XL: |  1  2  3 |
---------------+----------+-----
Dodging        | 3 |  3.0
Stealth        | 3 |  3.0
Armour         | 1 2 |  2.8
Fighting       | 1 |  1.0
Spellcasting   | |  3.0
Transmutations | |  1.2
Earth Magic    | |  3.2

Action                   |  1- 3 |  4- 6 || total
-------------------------+-------+-------++-------
Melee: Short sword       |       |     8 ||     8
 Cast: Sandblast         |    53 |    20 ||    73
       Stone Arrow       |       |     1 ||     1
  Use: Potion            |       |     1 ||     1
  Eat: Chunk             |     2 |     2 ||     4
Armor: Robe              |     1 |     1 ||     2
Dodge: Dodged            |     8 |     7 ||    15
